 Dungeon Crawl Stone Soup version 0.29-a0-222-g5b244fca1f (webtiles) character file.

Game seed: 16791108927559721068

85 Hasart the Slasher (level 4, -3/36 HPs)
             Began as a Demigod Gladiator on Feb 27, 2022.
             Killed by nerve-wracking pain
             ... invoked by an orc priest
              (12 damage)
             ... on level 3 of the Dungeon.
             The game lasted 00:03:08 (2882 turns).

Hasart the Slasher (Demigod Gladiator)              Turns: 2882, Time: 00:03:09

Health: -3/36      AC:  5    Str: 15    XL:     4   Next: 5%
Magic:  6/6        EV: 15    Int: 10    God:
Gold:   163        SH: 13    Dex: 19    Spells: 3/3 levels left

rFire   . . .      SeeInvis +   r - +0 short sword (venom)
rCold   . . .      Faith    .   k - +0 kite shield
rNeg    . . .      Spirit   .   b - +0 leather armour
rPois   .          Reflect  +   c - +1 helmet
rElec   .          Harm     .   (no cloak)
rCorr   .          Rampage  .   (no gloves)
Will    .....                   (no boots)
Stlth   ++........              m - amulet of reflection
HPRegen 0.12/turn               q - +4 ring of evasion
MPRegen 0.10/turn               v - ring of see invisible

@: no status effects
A: high MP 1, forlorn, divine attributes
a: no special abilities


You were on level 3 of the Dungeon.
You visited 1 branch of the dungeon, and saw 3 of its levels.

You collected 163 gold pieces.

Inventory:

Hand Weapons
 a - a +0 long sword
 r - a +0 short sword of venom (weapon)
Missiles
 d - 3 throwing nets (quivered)
Armour
 b - a +0 leather armour (worn)
 c - a +1 helmet (worn)
 k - a +0 kite shield (worn)
Jewellery
 m - an amulet of reflection (around neck)
 q - a +4 ring of evasion (left hand)
 v - a ring of see invisible (right hand)
Wands
 l - a wand of polymorph (11)
Scrolls
 e - 2 scrolls of identify
 i - 4 scrolls of teleportation
 o - a scroll of brand weapon {unknown}
 u - a scroll of amnesia {unknown}
Potions
 f - 3 potions of mutation {unknown}
 g - a potion of resistance {unknown}
 h - a potion of flight {unknown}
 j - a potion of berserk rage {unknown}
 n - 3 potions of heal wounds {unknown}
 p - a potion of curing {unknown}
 s - a potion of cancellation {unknown}
 t - a potion of ambrosia {unknown}


   Skills:
 + Level 2.2 Fighting
 * Level 3.4 Long Blades
 + Level 2.2 Throwing
 + Level 3.0 Dodging
 + Level 1.1 Stealth
 + Level 0.8 Shields


You had 3 spell levels left.
You didn't know any spells.
Your spell library contained the following spells:

 Spells                   Type           Power      Damage    Failure   Level
 Beastly Appendage        Tmut           0%         N/A       86%         1
 Corpse Rot               Necr/Air       0%         N/A       94%         2
 Dispel Undead            Necr           0%         3d6       100%        4
 Death Channel            Necr           0%         N/A       100%        6


Dungeon Overview and Level Annotations

Branches:
Dungeon (3/15)


Innate Abilities, Weirdness & Mutations

You have an increased reservoir of magic. (+10% MP)
You shall have no god before yourself.
Your divine heritage dramatically boosts your attributes as you level up.


Message History

The orc is almost dead.
The orc completely misses you.
You closely miss the orc.
The orc is almost dead.
You block the orc's attack.
You closely miss the orc.
The orc is almost dead.
You kill the orc!
You see here a +0 club.
v - a ring of see invisible
v - a ring of see invisible (right hand)
You see here a +0 club.
You see here a +0 mace.
Things that are here:
2 stones; a +0 short sword
Things that are here:
a +0 dagger; a +0 robe; an orc skeleton An orc priest is nearby!
The orc priest shouts!
You hit the orc priest but do no damage.
The orc priest is poisoned.
You block the orc priest's attack.
You closely miss the orc priest.
The orc priest is moderately wounded.
The orc priest mumbles some strange prayers to Beogh against you.
Pain shoots through your body!
You hit the orc priest.
The orc priest is heavily wounded.
The orc priest invokes the aid of Beogh against you.
Pain shoots through your body!
You closely miss the orc priest.
The orc priest is heavily wounded.
The orc priest calls down the wrath of Beogh upon you.
Beogh smites you!
* * * LOW HITPOINT WARNING * * *
You are too injured to fight recklessly!
You closely miss the orc priest.
The orc priest is severely wounded.
The orc priest calls down the wrath of Beogh upon you.
Pain shoots through your body!
You die...

#.# #.....#...#.###.# #.#
#.........#.###.# #)#
#.....#...#.....# #####(#
#...........#####
......#######.....#.#.#.#
#..........##<......#.#.#
#...................#.#.#
#..........##.#...#.#.#.#
#..........#....@o..#.#.#
#........................
#..............##...#.#.#
#..........#.#......#.#
.....#######.#.###..# #
......# #.#.# ....
......# #.#.# ..#.#
.....|# #.#.# #.#.#
###...# #.#..


You could see an orc priest (poisoned).

Vanquished Creatures
  An orc wizard (D:3)
  2 adders (D:2)
  A dart slug (D:2)
  An orc (D:3)
  4 bats
  4 endoplasms
  3 giant cockroaches
  6 goblins
  5 hobgoblins
  5 kobolds
  A quokka (D:1)
  5 ball pythons
  A frilled lizard (D:2)
  2 rats (D:1)
41 creatures vanquished.

Notes
Turn   | Place    | Note
-------+----------+-------------------------------------------
     0 | D:1      | Hasart the Demigod Gladiator began the quest for the Orb.
     0 | D:1      | Reached XP level 1. HP: 17/17 MP: 3/3
   381 | D:1      | Reached XP level 2. HP: 20/24 MP: 4/4
  1138 | D:2      | Got Plato's Collected Works on Transmutation
  1183 | D:2      | Reached XP level 3. HP: 10/29 MP: 5/5
  1646 | D:2      | Reached skill level 1 in Stealth
  2453 | D:3      | Reached XP level 4. HP: 4/36 MP: 6/6
  2882 | D:3      | Killed from afar by an orc priest

Illustrated notes

Levels and vault maps discovered:
D:1:      tarquinn_simple_flora_water_b, layout_loops_ring
D:2:      layout_basic, shapermc_ecumenical_altar_rom_forum
D:3:      layout_basic

Skill      XL: |  1  2  3 |
---------------+----------+-----
Long Blades    | 3 |  3.4
Throwing       | 2 |  2.2
Fighting       | 2 |  2.2
Stealth        | 1 |  1.1
Dodging        | 3 |  3.0
Shields        | |  0.8

Action                   |  1- 3 |  4- 6 || total
-------------------------+-------+-------++-------
Melee: Long sword        |    81 |       ||    81
       Short sword       |    20 |    10 ||    30
  Use: Scroll            |     5 |       ||     5
 Stab: Sleeping          |     4 |       ||     4
Armor: Leather armour    |    21 |     1 ||    22
Dodge: Dodged            |    48 |     2 ||    50
Block: Kite shield       |    59 |     7 ||    66
       Reflection        |     3 |     3 ||     6

Table legend: (Time is in decaauts)
 A = Elapsed time spent in this place.
 B = Non-inter-level travel time spent in this place.
 C = Inter-level travel time spent in this place.
 D = Time resting spent in this place.
 E = Time spent auto-exploring this place.
 F = Levels seen in this place.
 G = Mean time per level.
                   A        B        C        D        E       F      G
               +--------+--------+--------+--------+--------+-----+--------+
         Total |   2917 |   2807 |    110 |    813 |   1545 |   3 |  972.3 |
       Dungeon |   2917 |   2807 |    110 |    813 |   1545 |   3 |  972.3 |
               +--------+--------+--------+--------+--------+-----+--------+

Top non-repeatable levels by time:
     D:1: 1013 daAuts
     D:3: 975 daAuts
     D:2: 928 daAuts
